 Dungeon Crawl Stone Soup version 0.23-a0-550-g7de1f8e (webtiles) character file.

81 tilp the Chiller (level 4, -6/30 HPs)
             Began as a Merfolk Ice Elementalist on Dec 8, 2018.
             Mangled by an ogre
             ... wielding a +0 giant club
              (12 damage)
             ... on level 4 of the Dungeon.
             The game lasted 00:06:54 (2197 turns).

tilp the Chiller (Merfolk Ice Elementalist)         Turns: 2197, Time: 00:06:55

Health: -6/30      AC:  9    Str:  8    XL:     4   Next: 42%
Magic:  0/7        EV: 12    Int: 15    God:
Gold:   236        SH:  0    Dex: 14    Spells: 1/7 levels left

rFire    . . .     SeeInvis .   e - +0 dagger
rCold    . . .     Gourm    .   (no shield)
rNeg     . . .     Faith    .   k - +0 leather armour (curse)
rPois    .         Spirit   .   (no helmet)
rElec    .         Reflect  .   (no cloak)
rCorr    .         Harm     .   h - +0 pair of gloves
MR       .....                  (no boots)
Stlth    ++........             (no amulet)
HPRegen  0.10/turn              (no ring)
MPRegen  0.10/turn              (no ring)

@: icy armour
A: change form in water, swift swim, stealthy swim
a: no special abilities


You were on level 4 of the Dungeon.
You were hungry.

You visited 1 branch of the dungeon, and saw 4 of its levels.

You collected 236 gold pieces.

Inventory:

Hand Weapons
 a - a +0 hunting sling
 b - a +0 spear
 e - a +0 dagger (weapon)
 f - a +2 vampiric short sword
Missiles
 g - 61 stones (quivered)
 m - 72 sling bullets
Armour
 h - a +0 pair of gloves (worn)
 k - a cursed +0 leather armour (worn)
Scrolls
 l - a scroll of amnesia {unknown}
 o - a scroll of immolation {unknown}
 p - a scroll of remove curse {unknown}
 q - a scroll of fear {unknown}
 r - a scroll of random uselessness {unknown}
 s - a scroll of identify
Potions
 d - a potion of flight
 i - 4 potions of lignification
 j - a potion of heal wounds
Comestibles
 c - 6 rations


   Skills:
 - Level 2.6 Dodging
 - Level 2.1 Stealth
 - Level 2.0 Spellcasting
 - Level 0.7 Conjurations
 + Level 5.6 Ice Magic


You had one spell level left.
You knew the following spells:

 Your Spells              Type           Power        Failure   Level  Hunger
a - Freeze                Ice            ###.         3%          1    #......
b - Throw Frost           Conj/Ice       ##....       13%         2    ###....
c - Ozocubu's Armour      Chrm/Ice       #.......     30%         3    ###....

Your spell library contained the following spells:

 Spells                   Type           Power        Failure   Level  Hunger
 Throw Icicle             Conj/Ice       ##......     65%         4    #####..
 Summon Ice Beast         Ice/Summ       #.......     71%         4    #####..


Dungeon Overview and Level Annotations

Branches:
Dungeon (4/15)
 Temple: D:4-7

Altars:
Gozag
Hepliaklqana
Yredelemnul


Message History

The ogre hits you with a +0 giant club!
Casting: Freeze (safe; 3% risk of failure)
Confirm with . or Enter, or press ? or * to list all spells.
Aiming: Freeze (safe; 3% risk of failure)
Press: ? - help, Shift-Dir - straight line, f/p - ogre
Aim: an ogre, wielding a +0 giant club (heavily wounded)
You freeze the ogre.
The ogre is almost dead.
The ogre hits you with a +0 giant club!
Ouch! That really hurt!
* * * LOW HITPOINT WARNING * * *
Casting: Freeze (safe; 3% risk of failure)
Confirm with . or Enter, or press ? or * to list all spells.
Aiming: Freeze (safe; 3% risk of failure)
Press: ? - help, Shift-Dir - straight line, f/p - ogre
Aim: an ogre, wielding a +0 giant club (almost dead)
You freeze the ogre.
The ogre is almost dead.
The ogre hits you with a +0 giant club!
You die...

#.# #.# .# ...
#.# ..# #.# #.#
..# #..# #.## ...
##...#####.w##.#
##..............#
..........###.#.#
....##..### #O#.#
...####.# #@#.#
#.......# ##...##
..####..#
##.....## #?.#
#.......# ####
#.....<.#
#.......#
##.....## #.....#
#.......


You could see an ogre and a worm.

Vanquished Creatures
  An adder (D:3)
  2 dart slugs
  4 leopard geckos
  7 bats
  2 giant cockroaches (D:2)
  4 goblins
  9 hobgoblins
  9 kobolds
  A quokka (D:2)
  5 frilled lizards
  24 rats
68 creatures vanquished.

Vanquished Creatures (others)
  2 toadstools (D:2)
2 creatures vanquished.

Grand Total: 70 creatures vanquished

Notes
Turn   | Place    | Note
-------+----------+-------------------------------------------
     0 | D:1      | tilp the Merfolk Ice Elementalist began the quest for the
                  | Orb.
     0 | D:1      | Reached XP level 1. HP: 13/13 MP: 3/3
   157 | D:1      | Reached XP level 2. HP: 13/19 MP: 0/5
   191 | D:1      | Reached skill level 4 in Ice Magic
   606 | D:1      | Reached XP level 3. HP: 22/24 MP: 4/6
   735 | D:1      | Learned a level 2 spell: Throw Frost
   739 | D:1      | Learned a level 3 spell: Ozocubu's Armour
   773 | D:2      | Found an opulent altar of Gozag.
   992 | D:2      | Reached skill level 5 in Ice Magic
  1015 | D:2      | Found a hazy altar of Hepliaklqana.
  1466 | D:2      | Reached XP level 4. HP: 30/30 MP: 5/7
  1734 | D:3      | Found a basalt altar of Yredelemnul.
  2181 | D:4      | Noticed an ogre
  2197 | D:4      | Mangled by an ogre

Vault maps used:
D:1:      psy_arrival_terrarium, chequers_mini_garden
D:2:      minmay_wonky_spiral, lemuel_crystal_altar, lemuel_crystal_altar,
          minmay_gold_behind_fungi, minmay_rat_hole
D:3:      old_standard_altar
D:4:      serial_shops, shop_fountains, enter_ossuary_4, uniq_menkaure,
          uniq_robin, uniq_eustachio

Skill      XL: |  1  2  3 |
---------------+----------+-----
Ice Magic      | 4 5 |  5.6
Dodging        | |  2.6
Stealth        | |  2.1
Spellcasting   | |  2.0
Conjurations   | |  0.7

Action                   |  1- 3 |  4- 6 || total
-------------------------+-------+-------++-------
Melee: Dagger            |    74 |     7 ||    81
Throw: Stone             |     2 |       ||     2
 Cast: Freeze            |    52 |    24 ||    76
       Throw Frost       |       |     2 ||     2
       Ozocubu's Armour  |       |     1 ||     1
  Use: Scroll            |       |     3 ||     3
 Stab: Sleeping          |     2 |     1 ||     3
  Eat: Chunk             |     3 |     2 ||     5
Armor: Robe              |     3 |       ||     3
       Leather armour    |    18 |    10 ||    28
Dodge: Dodged            |    65 |    23 ||    88

Table legend:
 A = Non-vault XP
 B = Vault XP
 C = Vault XP percentage of total XP
 D = Non-vault monster count
 E = Vault monster count
 F = Vault count percentage of total count
                 A         B        C        D         E       F
            +---------+---------+-------+---------+---------+-------
      Total |      89 |      28 |  23.9 |      45 |      23 |  33.8
            +---------+---------+-------+---------+---------+-------
        D:1 |      37 |       0 |   0.0 |      22 |       0 |   0.0
        D:2 |      21 |      28 |  57.1 |      11 |      23 |  67.6
        D:3 |      31 |       0 |   0.0 |      12 |       0 |   0.0
            +---------+---------+-------+---------+---------+-------
